 Dungeon Crawl Stone Soup version 0.20-a0-972-gb9bd3e6 (console) character file.

88 nht the Cutter (level 4, -1/30 HPs)
             Began as a Bultungin Enchanter on Apr 9, 2017.
             Was an Initiate of Dithmenos.
             Slain by a hornet zombie (13 damage)
             ... on level 3 of the Dungeon.
             The game lasted 00:04:28 (2471 turns).

nht the Cutter (Bultungin Enchanter)                Turns: 2471, Time: 00:04:29

Health: -1/30      AC:  3    Str:  9    XL:     4   Next: 53%
Magic:  8/8        EV: 13    Int: 16    God:    Dithmenos [......]
Gold:   84         SH:  0    Dex: 14    Spells: 1/9 levels left

rFire    . . .     SeeInvis +   a - +3 dagger (venom)
rCold    . . .     Gourm    .   (no shield)
rNeg     + . .     Faith    .   b - +1 robe
rPois    .         Spirit   .   (no helmet)
rElec    .         Reflect  .   (no cloak)
rCorr    .         Harm     .   (no gloves)
MR       .....                  (no boots)
Stlth    +++.......             (no amulet)
Regen    0.1/turn               e - ring of positive energy
MPRegen  0.2/turn               n - +2 ring of strength

@: no status effects
A: short attention span, fangs 1, see invisible, strong nose
a: Renounce Religion


You were on level 3 of the Dungeon.
You worshipped Dithmenos.
Dithmenos was noncommittal.
You were not hungry.

You visited 1 branch of the dungeon, and saw 3 of its levels.

You collected 84 gold pieces.

Inventory:

Hand Weapons
 a - a +3 dagger of venom (weapon)
 j - a +1 dagger
Armour
 b - a +1 robe (worn)
Jewellery
 e - a ring of positive energy (left hand)
 k - an uncursed ring of protection from cold
 n - a +2 ring of strength (right hand)
Wands
 p - a wand of acid (10/15)
Scrolls
 i - a scroll of magic mapping
 m - 2 scrolls of enchant weapon
 o - 2 scrolls of teleportation
 s - a scroll of enchant armour
Potions
 g - a potion of heal wounds
 h - a potion of curing {unknown}
 l - a potion of mutation {unknown}
 q - a potion of agility {unknown}
Books
 c - a book of Maledictions

   Spells                             Type                      Level
   a - Corona                         Hexes                        1
   b - Ensorcelled Hibernation        Hexes/Ice                    2
   c - Confuse                        Hexes                        3
   d - Tukima's Dance                 Hexes                        3
   e - Dazzling Spray                 Conjuration/Hexes            3
Comestibles
 d - a bread ration
 f - 5 chunks of flesh
 r - a meat ration


   Skills:
 + Level 6.1 Short Blades
 - Level 3.0 Dodging
 - Level 4.0 Stealth
 - Level 3.2 Spellcasting
 - Level 4.4 Hexes


You had one spell level left.
You knew the following spells:

 Your Spells              Type           Power        Failure   Level  Hunger
a - Confuse               Hex            ###.....     12%         3    ###....
b - Ensorcelled Hibernat  Hex/Ice        #.....       12%         2    ##.....
c - Tukima's Dance        Hex            ###.....     12%         3    ###....


Dungeon Overview and Level Annotations

Branches:
Dungeon (3/15)

Altars:
Dithmenos
Okawaru
Uskayaw


Innate Abilities, Weirdness & Mutations

You have a short attention span.
You have very sharp teeth.
You have supernaturally acute eyesight. (SInv)
Your uncanny sense of smell can sniff out nearby items.


Message History

There is an open door here.
A hornet zombie comes into view.
You barely miss the hornet zombie. The hornet zombie closely misses you.
You hit the hornet zombie but do no damage.
The hornet zombie hits you but does no damage.
You hit the hornet zombie.
The hornet zombie is lightly damaged.
The hornet zombie closely misses you.
You hit the hornet zombie but do no damage.
The hornet zombie is lightly damaged.
You hit the hornet zombie.
The hornet zombie is lightly damaged.
The hornet zombie hits you!
You hit the hornet zombie.
The hornet zombie is lightly damaged.
The hornet zombie hits you!
You hit the hornet zombie.
The hornet zombie is lightly damaged.
The hornet zombie hits you!
You die...

..........................█
)..........██████████████.█
...........████████ █.█
...........█......█ █.█
█████████.██......█ █.███████
█████████..'......█ █.█......
........)..█......█ █.█......
...........█......███████.█......
................@Z...............
......>..........................
...........██████████████.██████.
...........█ █... .. ...........█


█████ ██. (..........█ ██ ...........█ █ ...........█ █ ...........█ You could
see a hornet zombie.

Vanquished Creatures
  An adder (D:2)
  2 oozes (D:3)
  A worm (D:3)
  2 dart slugs
  2 leopard geckos (D:1)
  A ball python (D:1)
  4 giant cockroaches
  10 goblins
  7 hobgoblins
  9 jackals
  A kobold (D:1)
  A quokka (D:2)
  8 bats
  3 frilled lizards
  3 rats
55 creatures vanquished.

Notes
Turn   | Place    | Note
-------+----------+-------------------------------------------
     0 | D:1      | nht the Bultungin Enchanter began the quest for the Orb.
     0 | D:1      | Reached XP level 1. HP: 13/13 MP: 4/4
   257 | D:1      | Reached skill level 2 in Short Blades
   298 | D:1      | Reached skill level 3 in Short Blades
   298 | D:1      | Reached XP level 2. HP: 18/19 MP: 6/6
   670 | D:1      | Learned a level 2 spell: Ensorcelled Hibernation
  1140 | D:1      | Reached skill level 4 in Short Blades
  1367 | D:1      | Reached XP level 3. HP: 24/24 MP: 7/7
  1840 | D:2      | Found a shadowy altar of Dithmenos.
  1842 | D:2      | Found a hide-covered altar of Uskayaw.
  1856 | D:2      | Reached skill level 5 in Short Blades
  1885 | D:2      | Became a worshipper of Dithmenos the Shadowed
  1917 | D:2      | Reached XP level 4. HP: 26/30 MP: 6/8
  2035 | D:2      | Found an iron altar of Okawaru.
  2053 | D:2      | Learned a level 3 spell: Confuse
  2057 | D:2      | Learned a level 3 spell: Tukima's Dance
  2403 | D:3      | Reached skill level 6 in Short Blades
  2471 | D:3      | Slain by a hornet zombie

Vault maps used:
D:1:      minmay_arrival_wavy_path, st_stairs_14
D:2:      grunt_temple_overflow_open, lemuel_doored_altar

Skill      XL: |  1  2  3  4 |
---------------+-------------+-----
Short Blades   | 3 4 5 6 |  6.1
Dodging        | |  3.0
Stealth        | |  4.0
Spellcasting   | |  3.2
Hexes          | |  4.4

Action                   |  1- 3 |  4- 6 || total
-------------------------+-------+-------++-------
Melee: Dagger            |   119 |    52 ||   171
       Bite              |     4 |     5 ||     9
 Cast: Ensorcelled Hiber |     4 |       ||     4
  Use: Scroll            |     7 |     4 ||    11
 Stab: Sleeping          |    12 |     2 ||    14
  Eat: Chunk             |     3 |     2 ||     5
Armor: Robe              |    16 |     6 ||    22
Dodge: Dodged            |    67 |    27 ||    94
